 Dungeon Crawl Stone Soup version 0.17-a0-1837-g7c6a762 (webtiles) character file.

148345 Herrn the Severer (level 16, -3/155 HPs)
             Began as a Minotaur Fighter on Sept 15, 2015.
             Was the Champion of Okawaru.
             Slain by a deep elf knight
             ... wielding a +0 scimitar
              (16 damage)
             ... on level 2 of the Elven Halls.
             The game lasted 01:26:40 (29904 turns).

Herrn the Severer (Minotaur Fighter)               Turns: 29904, Time: 01:26:40

Health: -3/155     AC: 29    Str: 34    XL:     16   Next: 94%
Magic:  19/19      EV: 22    Int:  4    God:    Okawaru [******]
Gold:   1845       SH:  0    Dex: 18    Spells: 2 memorised, 9 levels left

rFire  + . .     SeeInvis .     I - +10 battleaxe of Massacring {speed, rC+ Str+7}
rCold  + + .     Rnd*Rage +     M - +1 scale mail "Hedorr" {rElec rPois MR++ Int-3} (curse)
rNeg   + + .     SustAt   +     (no shield)
rPois  +         Gourm    .     G - +2 hat {MR+}
rElec  +         Spirit   .     h - +1 cloak of the Hills {rN+}
rCorr  .         Warding  +     E - +4 pair of gloves "Huoraq" {Str+4 Int+2 Dex+3}
rMut   .         Rnd*Tele +     w - +0 pair of boots of the Orcish Mines {rC+}
MR     ++++.                    O - amulet of warding
Stlth  +.........               Y - +5 ring of protection
                                R - ring of sustain attributes

@: heroism, incredibly resistant to hostile enchantments, very unstealthy
A: retaliatory headbutt, horns 2, berserk 1, deterioration 1, fire resistance 1,
low mp 1, spit poison 1, teleportitis 1, evolution 1, MP-powered wands
a: Spit Poison, Heroism, Finesse, Renounce Religion


You were on level 2 of the Elven Halls.
You worshipped Okawaru.
Okawaru was exalted by your worship.
You were not hungry.

You visited 5 branches of the dungeon, and saw 31 of its levels.

You collected 2797 gold pieces.
You spent 952 gold pieces at shops.

Inventory:

Hand weapons
 u - a +1 broad axe of freezing
 A - a +0 broad axe of electrocution
 I - the +10 battleaxe of Massacring (weapon) {speed, rC+ Str+7}
   (Okawaru gifted it to you on level 6 of the Lair of Beasts)

   Attacks with this weapon are significantly faster.
   It affects your strength (+7).
   It protects you from cold.
 W - a +1 flail of protection
Armour
 b - a +0 pearl dragon armour
 c - a +1 shield
 h - the +1 cloak of the Hills (worn) {rN+}
   (You acquired it on level 3 of the Orcish Mines)

   It protects you from negative energy.
 w - the +0 pair of boots of the Orcish Mines (worn) {rC+}
   (You acquired it on level 4 of the Orcish Mines)

   It protects you from cold.
 x - the +7 chain mail of the Gusle {rElec Int+4}
   (You found it on level 4 of the Dungeon)

   It affects your intelligence (+4).
   It insulates you from electricity.
 B - a +2 cloak of poison resistance
 E - the +4 pair of gloves "Huoraq" (worn) {Str+4 Int+2 Dex+3}
   (You found it on level 8 of the Lair of Beasts)

   It affects your strength (+4).
   It affects your intelligence (+2).
   It affects your dexterity (+3).
 G - a +2 hat of magic resistance (worn)
 M - the cursed +1 scale mail "Hedorr" (worn) {rElec rPois MR++ Int-3}
   (You found it on level 8 of the Lair of Beasts)

   It affects your intelligence (-3).
   It insulates you from electricity.
   It protects you from poison.
   It affects your resistance to hostile enchantments.
   It has a curse placed upon it.
Jewellery
 a - an uncursed amulet of clarity
 C - an uncursed amulet of resist mutation
 D - an uncursed amulet of resist corrosion
 J - an uncursed ring of protection from cold
 O - an amulet of warding (around neck)
 R - a ring of sustain attributes (left hand)
 Y - a +5 ring of protection (right hand)
Magical devices
 m - a wand of disintegration (13)
 z - a wand of disintegration (10)
 S - a wand of digging (8)
 V - a wand of digging (19)
 X - a wand of disintegration (11)
Scrolls
 i - 6 scrolls of blinking
 j - 12 scrolls of teleportation
 l - a scroll of fear
 o - 3 scrolls of enchant armour
 p - 6 scrolls of amnesia
 v - 4 scrolls of magic mapping
 y - a scroll of holy word
 F - 6 scrolls of fog
 H - a scroll of silence
 K - 3 scrolls of enchant weapon
 L - 3 scrolls of identify
 T - 8 scrolls of remove curse
Potions
 d - a potion of might
 f - 3 potions of flight
 g - 3 potions of resistance
 n - 4 potions of heal wounds
 q - a potion of magic
 r - 3 potions of brilliance
 t - 2 potions of berserk rage
 N - 2 potions of cancellation
 Q - 3 potions of haste
 U - 5 potions of lignification
 Z - 4 potions of curing
Comestibles
 e - 13 bread rations
 k - 16 meat rations
 s - 38 fruits


   Skills:
 + Level 17.1(22.1) Fighting
 - Level 18.3(23.3) Axes
 + Level 13.7(18.7) Armour
 + Level 9.7(14.7) Dodging
 + Level 15.4(20.4) Shields
 * Level 3.0 Necromancy
 * Level 4.2 Transmutations
 - Level 9.0 Invocations


You had 9 spell levels left.
You knew the following spells:

 Your Spells              Type           Power        Failure   Level  Hunger
a - Passwall              Trmt/Erth      #.........   91%         3    ####...
b - Regeneration          Chrm/Necr      #.........   96%         3    ####...


Dungeon Overview and Level Annotations

Branches:
Dungeon (15/15)            Temple (1/1) D:6            Lair (8/8) D:11
 Shoals (0/4) Lair:3       Spider (0/4) Lair:3        Slime (0/6) Lair:8
    Orc (4/4) D:11            Elf (3/3) Orc:4        Vaults (0/5) D:14
 Depths (0/5) D:15

Altars:
Ashenzari
Cheibriados
Dithmenos
Elyvilon
Fedhas
Gozag
Kikubaaqudgha
Makhleb
Nemelex Xobeh
Okawaru
Qazlal
Ru
Sif Muna
Trog
Vehumet
Xom
Yredelemnul
Zin
The Shining One
Beogh

Shops:
D:4 *   D:5 *   D:12 *   Orc:1 %*=   Orc:3 %   Orc:4 [?(=*

Portals:
Trove: D:10 (give 15 scrolls of teleportation)


Innate Abilities, Weirdness & Mutations

You reflexively headbutt those who attack you in melee.
You have a pair of horns on your head.
You tend to lose your temper in combat.
Your body sometimes deteriorates upon taking damage.
Your flesh is heat resistant.
Your magical capacity is low (-10% MP).
You can spit weak poison.
You are occasionally teleported to nearby monsters.
You evolve.
You expend magic power (3 MP) to strengthen your wands.


Message History

* * * LOW HITPOINT WARNING * * *
You see here an arrow.
The deep elf knight shoots an arrow.
The arrow closely misses you.
The deep elf knight shoots an arrow.
The arrow hits you!
* * * LOW HITPOINT WARNING * * *
You see here an arrow.
The deep elf knight casts a spell at you.
The orb of energy misses you.
You miss the deep elf knight.
Your headbutt misses the deep elf knight.
The deep elf knight unwields an uncursed shortbow.
The deep elf knight wields an uncursed scimitar.
The deep elf knight hits you with an uncursed scimitar.
* * * LOW HITPOINT WARNING * * *
You barely miss the deep elf knight.
Your headbutt misses the deep elf knight.
You slice the deep elf knight!! You headbutt the deep elf knight!
The deep elf knight is severely wounded.
The deep elf knight hits you with an uncursed scimitar!
You die...

..................##
...................#
.................(#
.................#
.................##
.............)(...##
.............()(...#
............((....##
...........@.....##
..........e).#...#
#......).(.(###...#
##......().## #...#
#.......))..# ..##
.............# .##
................
.................
..................


You could see a deep elf knight.

Vanquished Creatures
  Saint Roka (Orc:4)
  Rupert (Lair:4)
  Maud (D:12)
  A deep elf sorcerer (Elf:1)
  Nessos (Orc:4)
  Azrael (D:14)
  A salamander stormcaller (D:15)
  A deep elf death mage (Elf:1)
  Snorg (Orc:4)
  A deep elf high priest (Elf:2)
  A vault guard (D:14)
  Josephine (D:12)
  4 hydras
  A catoblepas (Lair:8)
  A rakshasa (D:15)
  2 centaur warriors (D:15)
  6 dancing weapons (Elf:2)
  23 death yaks
  A deep troll shaman (Lair:8)
  3 orc high priests (Orc:4)
  A small abomination (Elf:1)
  15 deep elf knights
  The ghost of Mulkerokala the Skirmisher, an experienced HuWn (D:6)
  8 deep elf summoners
  2 wizards
  4 unseen horrors
  Pikel (D:5)
  7 hill giants
  2 orc knights
  A necromancer (D:15)
  An oklob plant (Lair:1)
  2 griffons
  12 deep elf conjurers
  3 manticores
  5 orc sorcerers
  A cyclops (D:13)
  30 ugly things
  7 centaur zombies
  Maurice (D:8)
  5 black mambas
  14 elephants
  2 naga magi (D:15)
  A siren (Lair:3)
  2 centaur skeletons
  8 komodo dragons
  17 spiny frogs
  4 gargoyles
  5 yaktaurs (D:15)
  4 fire drakes
  A fire drake (shapeshifter) (D:15)
  A redback zombie (D:15)
  An efreet (D:13)
  A guardian mummy (D:10)
  3 polar bears
  A two-headed ogre (D:12)
  8 deep elf priests
  6 trolls
  A slime creature (D:14)
  A boulder beetle (Lair:8)
  4 blink frogs (Lair:6)
  3 water elementals (D:15)
  A centaur simulacrum (D:15)
  3 wyverns
  43 yaks
  6 wraiths
  18 deep elf magi
  6 hippogriffs
  A steam dragon (D:12)
  3 vampire mosquitoes (D:14)
  3 spriggans
  2 basilisks
  2 hungry ghosts
  17 deep elf fighters
  3 fire elementals (D:14)
  8 wargs
  A harpy simulacrum (D:15)
  A mottled dragon (D:14)
  17 water moccasins
  17 wolves
  6 porcupines
  A soldier ant (D:13)
  A hell hound (D:14)
  2 wasps (D:9)
  2 phantoms
  A black bear (D:8)
  5 ice beasts
  33 orc warriors
  6 spiders (Elf:1)
  A slave (D:5)
  A sky beast (D:15)
  9 ogres
  3 necrophages
  13 centaurs
  20 crocodiles
  2 big kobolds
  A gnoll sergeant (D:8)
  An elf zombie (D:9)
  27 giant frogs
  2 wyvern zombies
  20 killer bees
  7 scorpions
  A water moccasin skeleton (D:8)
  3 wyvern skeletons
  25 wights
  3 electric eels
  2 giant frog zombies
  7 crimson imps
  6 hounds
  Crazy Yiuf (D:2)
  36 orc priests
  2 human zombies (D:9)
  3 jellies
  37 orc wizards
  3 giant frog skeletons
  14 iguanas
  A human skeleton (D:9)
  11 worker ants
  13 sheep
  3 hound skeletons
  4 mummies (D:9)
  17 adders
  15 gnolls
  54 river rats
  2 shadow imps
  3 adder skeletons
  2 adder zombies
  5 worms
  4 giant geckos
  190 orcs
  6 bats
  5 giant cockroaches
  10 goblins
  6 hobgoblins
  7 jackals
  6 quokkas
  A ball python (D:4)
  A ball python skeleton (D:4)
  3 giant newts
  17 kobolds
  8 rats
  A butterfly (Lair:5)
  2 fire vortices (D:15)
  3 fungi
  7 plants
1116 creatures vanquished.

Vanquished Creatures (others)
  A centaur warrior (D:15)
  A deep elf priest (Elf:1)
  A deep elf fighter (Elf:2)
  A slave (D:5)
  An orc (D:12)
  A fire vortex (D:15)
  11 fungi
  18 plants
35 creatures vanquished.

Grand Total: 1151 creatures vanquished

Notes
Turn   | Place    | Note
--------------------------------------------------------------
     0 | D:1      | Herrn the Minotaur Fighter began the quest for the Orb.
     0 | D:1      | Reached XP level 1. HP: 19/19 MP: 0/0
   167 | D:1      | Reached XP level 2. HP: 17/27 MP: 1/1
  1187 | D:2      | Reached XP level 3. HP: 31/33 MP: 2/2
  1201 | D:2      | Noticed Crazy Yiuf
  1206 | D:2      | Killed Crazy Yiuf
  1206 | D:2      | Reached skill level 4 in Fighting
  1278 | D:2      | Reached XP level 4. HP: 29/40 MP: 3/3
  1769 | D:3      | Reached skill level 1 in Dodging
  2098 | D:3      | Reached XP level 5. HP: 19/47 MP: 4/4
  2574 | D:3      | Reached skill level 5 in Axes
  2732 | D:4      | Found a stormy altar of Qazlal.
  2752 | D:4      | Reached XP level 6. HP: 48/53 MP: 5/5
  3254 | D:4      | Found Anauwolu's General Store.
  3257 | D:4      | Got an amber-studded chain mail
  3309 | D:4      | Identified the +7 chain mail of the Gusle {rElec Int+4} (You found it on level 4 of the Dungeon)
  3363 | D:4      | Reached skill level 5 in Armour
  3363 | D:4      | Reached skill level 5 in Shields
  3609 | D:5      | Entered Level 5 of the Dungeon
  3791 | D:5      | Noticed Pikel
  3818 | D:5      | Killed Pikel
  3818 | D:5      | Reached skill level 5 in Fighting
  3818 | D:5      | Reached skill level 6 in Axes
  3818 | D:5      | Reached XP level 7. HP: 51/61 MP: 6/6
  3852 | D:5      | Found Botwoh's General Store.
  4334 | D:5      | Reached skill level 7 in Axes
  4334 | D:5      | Reached XP level 8. HP: 65/69 MP: 7/7
  4873 | D:6      | Found an opulent altar of Gozag.
  4927 | D:6      | Reached skill level 8 in Axes
  5119 | D:6      | Noticed Mulkerokala's ghost (experienced HuWn)
  5130 | D:6      | Killed Mulkerokala's ghost
  5130 | D:6      | Reached skill level 9 in Axes
  5130 | D:6      | Reached XP level 9. HP: 65/75 MP: 8/8
  5155 | D:6      | Found a staircase to the Ecumenical Temple.
  5161 | Temple   | Entered the Ecumenical Temple
  5206 | Temple   | Became a worshipper of Warmaster Okawaru
  5593 | D:6      | Reached skill level 1 in Invocations
  6023 | D:7      | Acquired Okawaru's first power
  6023 | D:7      | Reached skill level 10 in Axes
  6108 | D:7      | Found a white marble altar of Elyvilon.
  6464 | D:7      | Found a blossoming altar of Fedhas.
  6464 | D:7      | Found a deep blue altar of Sif Muna.
  6499 | D:7      | Found an opulent altar of Gozag.
  6500 | D:7      | Found a glowing silver altar of Zin.
  6686 | D:8      | Reached XP level 10. HP: 63/86 MP: 11/11
  6785 | D:8      | Reached skill level 11 in Axes
  6845 | D:8      | Noticed Maurice
  6854 | D:8      | Killed Maurice
  6854 | D:8      | Reached skill level 5 in Dodging
  7181 | D:8      | Found a basalt altar of Yredelemnul.
  8825 | D:9      | Reached skill level 12 in Axes
  8852 | D:9      | Found a basalt altar of Yredelemnul.
  8976 | D:9      | Found a shimmering altar of Xom.
  9154 | D:10     | Entered Level 10 of the Dungeon
  9201 | D:10     | Reached XP level 11. HP: 94/94 MP: 13/13
  9228 | D:10     | Reached skill level 5 in Invocations
  9593 | D:10     | Noticed a manticore
  9603 | D:10     | Killed a manticore
  9696 | D:10     | Received a gift from Okawaru
  9853 | D:10     | Found a portal to a secret trove of treasure.
  9877 | D:10     | Identified a scroll of acquirement
  9917 | D:10     | Noticed a hill giant
  9928 | D:10     | Killed a hill giant
 10291 | D:10     | Noticed a brown ugly thing
 10301 | D:10     | Killed a brown ugly thing
 10301 | D:10     | Reached skill level 13 in Axes
 10560 | D:11     | Found a staircase to the Orcish Mines.
 10715 | Orc:1    | Entered Level 1 of the Orcish Mines
 10826 | Orc:1    | Acquired Okawaru's second power
 10913 | Orc:1    | Found Jeujaps's Jewellery Shoppe.
 10944 | Orc:1    | Found Rabaacly's Assorted Antiques.
 10952 | Orc:1    | Bought a lumpy soapstone amulet for 120 gold pieces
 10957 | Orc:1    | Found Eblice's Food Boutique.
 11284 | Orc:2    | Found a radiant altar of Vehumet.
 11309 | Orc:2    | HP: 2/95 [orc knight/battleaxe (13)]
 11722 | Orc:2    | You fall through a shaft!
 12219 | Orc:2    | Reached skill level 10 in Shields
 12522 | Orc:3    | Found Juffan's Food Boutique.
 12601 | Orc:4    | Entered Level 4 of the Orcish Mines
 12613 | Orc:4    | Reached skill level 14 in Axes
 12815 | Orc:4    | Noticed a deep elf summoner
 12838 | Orc:4    | Killed a deep elf summoner
 12838 | Orc:4    | Reached XP level 12. HP: 88/104 MP: 12/15
 12839 | Orc:4    | Received a gift from Okawaru
 12839 | Orc:4    | Reached skill level 10 in Armour
 13099 | Orc:4    | Noticed Nessos
 13141 | Orc:4    | Killed Nessos
 13471 | Orc:4    | Found a roughly hewn altar of Beogh.
 13471 | Orc:4    | Found Odweddyist's Assorted Antiques.
 13484 | Orc:4    | Bought a scroll labeled MAOPPIA CETIPS for 28 gold pieces
 13621 | Orc:4    | Found a roughly hewn altar of Beogh.
 13651 | Orc:4    | Found Kecwee's Jewellery Boutique.
 13664 | Orc:4    | Noticed Snorg
 13680 | Orc:4    | Killed Snorg
 13680 | Orc:4    | Reached skill level 15 in Axes
 13772 | Orc:4    | Noticed Saint Roka
 13885 | Orc:3    | Got a transparent cloak
 13896 | Orc:3    | Identified the +1 cloak of the Hills {rN+} (You acquired it on level 3 of the Orcish Mines)
 14323 | Orc:3    | Gained mutation: Your body sometimes deteriorates upon taking damage. [potion of mutation]
 14323 | Orc:3    | Gained mutation: Your flesh is heat resistant. [potion of mutation]
 14323 | Orc:3    | Gained mutation: Your magical capacity is low (-10% MP). [potion of mutation]
 14324 | Orc:3    | Gained mutation: You have a pair of large horns on your head. [potion of mutation]
 14324 | Orc:3    | Lost mutation: You have a pair of large horns on your head. [potion of mutation]
 14324 | Orc:3    | Gained mutation: You tend to lose your temper in combat. [potion of mutation]
 14563 | Orc:4    | Killed Saint Roka
 14563 | Orc:4    | Reached skill level 10 in Fighting
 14827 | Orc:4    | Reached skill level 16 in Axes
 14842 | Orc:4    | Found a roughly hewn altar of Beogh.
 14896 | Orc:4    | Found a roughly hewn altar of Beogh.
 14926 | Orc:4    | Found a roughly hewn altar of Beogh.
 15042 | Orc:4    | Found a staircase to the Elven Halls.
 15051 | Orc:4    | Found a roughly hewn altar of Beogh.
 15052 | Orc:4    | Noticed an orc high priest
 15053 | Orc:4    | Found Nabuoff's Magic Scroll Boutique.
 15064 | Orc:4    | Killed an orc high priest
 15064 | Orc:4    | Reached XP level 13. HP: 113/113 MP: 15/15
 15247 | Orc:4    | Found a roughly hewn altar of Beogh.
 15320 | Orc:4    | Noticed an orc high priest
 15321 | Orc:4    | Noticed an orc high priest
 15327 | Orc:4    | Found Wiryfocs's Antique Armour Boutique.
 15328 | Orc:4    | Found a roughly hewn altar of Beogh.
 15332 | Orc:4    | Killed an orc high priest
 15332 | Orc:4    | Received a gift from Okawaru
 15347 | Orc:4    | Killed an orc high priest
 15349 | Orc:4    | Found Jesimuga's Antique Weapon Shop.
 15559 | Orc:4    | Bought a glowing broad axe for 76 gold pieces
 15601 | Orc:4    | Bought a scroll of acquirement for 728 gold pieces
 15602 | Orc:4    | Got a pair of ichor-stained boots
 15608 | Orc:4    | Identified the +0 pair of boots of the Orcish Mines {rC+} (You acquired it on level 4 of the Orcish Mines)
 15836 | D:11     | Received a gift from Okawaru
 15839 | D:11     | Found a staircase to the Lair.
 15978 | D:11     | Noticed a hill giant
 15984 | D:11     | Killed a hill giant
 16270 | D:12     | Noticed Maud
 16283 | D:12     | Killed Maud
 16450 | D:12     | Noticed Josephine
 16462 | D:12     | Killed Josephine
 17030 | D:12     | Found Ymomugg's General Store.
 17143 | D:12     | Reached skill level 17 in Axes
 18611 | D:14     | Received a gift from Okawaru
 18652 | D:14     | Reached XP level 14. HP: 124/124 MP: 17/17
 18690 | D:14     | Got a slimy flail
 18691 | D:14     | Identified the cursed +1 flail of Disharmony {pain, MP+9 Stlth+} (You found it on level 14 of the Dungeon)
 18765 | D:14     | Reached skill level 18 in Axes
 18835 | D:15     | Entered Level 15 of the Dungeon
 19070 | D:15     | Received a gift from Okawaru
 19446 | D:14     | Noticed Azrael
 19462 | D:14     | Killed Azrael
 19562 | D:14     | Found a gate to the Vaults.
 20046 | D:15     | Received a gift from Okawaru
 21243 | D:15     | Found a staircase to the Depths.
 21317 | D:15     | Learned a level 3 spell: Passwall
 21387 | Lair:1   | Entered Level 1 of the Lair of Beasts
 21443 | Lair:1   | Found a radiant altar of Vehumet.
 21566 | Lair:1   | Reached XP level 15. HP: 131/135 MP: 18/18
 22557 | Lair:2   | Gained mutation: You evolve. [potion of mutation]
 22557 | Lair:2   | Lost mutation: You evolve. [potion of mutation]
 22557 | Lair:2   | Gained mutation: You can spit weak poison. [potion of mutation]
 22558 | Lair:2   | Gained mutation: You expend magic power (3 MP) to strengthen your wands. [potion of mutation]
 22558 | Lair:2   | Gained mutation: You are occasionally teleported to nearby monsters. [potion of mutation]
 22697 | Lair:2   | Got a transparent plate armour
 22719 | Lair:2   | Identified the cursed +1 plate armour of the Valley of Death {rF+} (You found it on level 2 of the Lair of Beasts)
 23089 | Lair:3   | Received a gift from Okawaru
 23210 | Lair:3   | Found a staircase to the Shoals.
 23276 | Lair:3   | Found a hole to the Spider Nest.
 23974 | Lair:4   | Noticed Rupert
 24048 | Lair:4   | Killed Rupert
 25187 | Lair:6   | Reached skill level 15 in Fighting
 25650 | Lair:6   | Received a gift from Okawaru
 25658 | Lair:6   | Reached skill level 1 in Transmutations
 26042 | Lair:8   | Entered Level 8 of the Lair of Beasts
 26494 | Lair:6   | Got a scorched battleaxe {god gift}
 26916 | Lair:8   | Reached XP level 16. HP: 142/149 MP: 14/19
 26986 | Lair:8   | Identified the +10 battleaxe of Massacring {speed, rC+ Str+7} (Okawaru gifted it to you on level 6 of the Lair of Beasts)
 27048 | Lair:8   | Found a staircase to the Slime Pits.
 27165 | Lair:8   | Reached skill level 15 in Shields
 27389 | Lair:8   | Gained mutation: You evolve. [potion of beneficial mutation]
 27576 | Lair:8   | Received a gift from Okawaru
 27598 | Lair:8   | Received a gift from Okawaru
 27671 | Lair:8   | Got a pair of blackened gloves
 27677 | Lair:8   | Identified the +4 pair of gloves "Huoraq" {Str+4 Int+2 Dex+3} (You found it on level 8 of the Lair of Beasts)
 27682 | Lair:8   | Learned a level 3 spell: Regeneration
 27686 | Lair:8   | Got a jewelled scale mail
 27687 | Lair:8   | Identified the cursed +1 scale mail "Hedorr" {rElec rPois MR++ Int-3} (You found it on level 8 of the Lair of Beasts)
 28393 | Elf:1    | Entered Level 1 of the Elven Halls
 28735 | Elf:1    | Reached skill level 1 in Necromancy
 29033 | Elf:1    | Identified Lehudib's Grimoire of Conjuration
 29222 | Elf:1    | Received a gift from Okawaru
 29225 | Elf:1    | Got a twisted war axe {god gift}
 29226 | Elf:1    | Identified the +0 war axe "Veosux" {venom, rElec} (Okawaru gifted it to you on level 1 of the Elven Halls)
 29374 | Elf:3    | Entered Level 3 of the Elven Halls
 29904 | Elf:2    | Slain by a deep elf knight

Vault maps used:
D:1:      shiori_arrival_maze, serial_co_window_serial, co_window_paths_a,
          co_window_of_opportunity_a, co_window_paths_b, co_window_paths_a,
          co_window_paths_b, co_window_paths_a, co_window_corner_a,
          co_window_paths_a, co_window_cross_1, co_window_corner_b,
          co_window_corner_b, co_window_broadway_c, co_window_corner_cb,
          co_window_of_opportunity_b, co_window_4corner_b, glass_columns_b,
          glass_columns_b, glass_columns_b, glass_columns_b, hex_intersection,
          serial_bayou_pond_e
D:2:      uniq_crazy_yiuf_cottage
D:3:      kennysheep_big_flooded_room, kennysheep_cluttered_room
D:4:      first_bread, serial_shops, shop, nicolae_qazlal_general_emergency
D:5:      serial_shops, shop, lemuel_old_faithful, uniq_pikel
D:6:      minmay_temple_entry_hall, st_stairs_1, grunt_ministairs_8,
          nicolae_gozag_cash_rules_everything_around_me
D:7:      grunt_temple_overflow_gold_and_silver, nicolae_overflow_crystal_walls,
          amethyst_overflow_temple_binary
D:8:      basic_altar, uniq_maurice
D:9:      kennysheep_little_box, lemuel_mausoleum_altar_yredelemnul, the_bakery,
          hangedman_minor_gate_pass
D:10:     nicolae_trove_entry_path_of_doom, hangedman_decor_slide_cut,
          minmay_crystal_room
D:11:     erik_lair_orcish_takeover, david_orc_2, nicolae_straight_to_the_point
D:12:     serial_shops, shop, uniq_maud, uniq_josephine
D:13:     special_room
D:14:     david_vaults_5, serial_bayou_ford_a, uniq_azrael
D:15:     grunt_enter_depths_magical_seal
Temple:   circular_temple_12
Lair:1:   wad_woods_tower, lemuel_oklob_altar, bh_autumn_forest_stairs
Lair:2:   infiniplex_staircase_pool
Lair:3:   minmay_shoals_entry_lonely_mermaid, spider_nest_entry_web_field,
          serial_bayou_lagoon_a, nicolae_lair_grove_arrangements
Lair:4:   lemuel_fruit_fields, uniq_rupert
Lair:5:   lemuel_fruit_fields, grunt_megastairs_4
Lair:6:   grunt_megastairs_3
Lair:8:   grunt_lair_end_beastmaster, dpeg_slime_entry_corner,
          lemuel_fruit_fields
Orc:1:    serial_shops, nicolae_shop_overgrown_old_shop,
          nicolae_shop_scaring_up_business, nicolae_shop_statue_plus
Orc:2:    basic_altar
Orc:3:    serial_shops, shop, nicolae_orc_pool_cavern
Orc:4:    grunt_orc_community_town_hall, grunt_orc_community_big_house_1,
          grunt_orc_community_big_house_1, grunt_orc_community_house_2,
          grunt_orc_community_house_3, grunt_orc_community_house_1,
          grunt_orc_community_house_2, grunt_orc_community_house_2,
          grunt_orc_community_house_2, serial_shops, nicolae_shop_trees,
          elves_outpost_lemuel, uniq_saint_roka, uniq_nessos, uniq_snorg
Elf:1:    minmay_elf_sorcery, st_stairs_5, small_statue_intersection,
          spider_trap
Elf:2:    serial_shops, nicolae_shop_waterfront, kennysheep_underground_church
Elf:3:    elf_hall_gauntlet_narrow, door_vault, uniq_donald

Action                   |  1- 3 |  4- 6 |  7- 9 | 10-12 | 13-15 | 16-18 || total
-------------------------+-------+-------+-------+-------+-------+-------++-------
Melee: War axe           |    61 |   173 |   256 |   878 |       |       ||  1368
       Broad axe         |       |       |       |    28 |  1392 |       ||  1420
       Flail             |       |       |       |       |     8 |    63 ||    71
       Battleaxe         |       |       |       |       |       |   283 ||   283
Invok: Heroism           |       |       |       |    10 |    13 |     2 ||    25
       Finesse           |       |       |       |     1 |       |       ||     1
Evoke: Wand              |       |       |       |     6 |     3 |       ||     9
  Use: Potion            |       |       |     1 |    17 |     8 |     1 ||    27
       Scroll            |       |       |       |    12 |    18 |     4 ||    34
 Stab: Petrified         |       |       |       |       |       |     5 ||     5
       Petrifying        |       |       |       |       |       |     1 ||     1
  Eat: Chunk             |       |     8 |     9 |    23 |    29 |     2 ||    71
       Beef jerky        |       |       |     1 |       |     3 |     1 ||     5
       Bread ration      |       |       |       |     1 |     3 |     1 ||     5
       Pizza             |       |       |       |     1 |       |     3 ||     4
       Fruit             |       |       |       |       |     1 |       ||     1
       Royal jelly       |       |       |       |       |     1 |       ||     1
